 Dungeon Crawl Stone Soup version 0.29.1-14-g9c671dbff4 (webtiles) character file.

Game seed: 5735120826045436012

24 Ast3rio the Trooper (level 3, -2/33 HPs)
             Began as a Hill Orc Fighter on Feb 14, 2023.
             Slain by a gnoll
             ... wielding a +0 halberd
              (15 damage)
             ... on level 2 of the Dungeon.
             The game lasted 00:01:55 (910 turns).

Ast3rio the Trooper (Hill Orc Fighter)               Turns: 910, Time: 00:01:55

Health: -2/33      AC:  6    Str: 20    XL:     3   Next: 2%
Magic:  3/3        EV:  9    Int:  8    God:
Gold:   88         SH:  4    Dex: 10    Spells: 2/2 levels left

rFire   . . .      SeeInvis .   a - +0 war axe
rCold   . . .      Faith    .   c - +0 buckler
rNeg    . . .      Spirit   .   b - +0 scale mail
rPois   .          Reflect  .   (no helmet)
rElec   .          Harm     .   (no cloak)
rCorr   .          Rampage  .   (no gloves)
Will    .....                   (no boots)
Stlth   ..........              (no amulet)
HPRegen 0.11/turn               (no ring)
MPRegen 0.08/turn               (no ring)

@: no status effects
A: no striking features
a: no special abilities


You were on level 2 of the Dungeon.
You visited 1 branch of the dungeon, and saw 2 of its levels.

You collected 88 gold pieces.

Inventory:

Hand Weapons
 a - a +0 war axe (weapon)
Armour
 b - a +0 scale mail (worn)
 c - a +0 buckler (worn)
Jewellery
 f - a ring of willpower
Scrolls
 e - 2 scrolls of teleportation {unknown}
 j - a scroll of blinking {unknown}
 k - a scroll of butterflies {unknown}
Potions
 d - 2 potions of might
 g - a potion of haste {unknown}
 h - a potion of heal wounds {unknown}
 i - a potion of brilliance {unknown}


   Skills:
 + Level 4.0 Fighting
 + Level 3.2 Axes
 + Level 3.6 Armour
 + Level 3.7 Shields


You had 2 spell levels left.
You didn't know any spells.
Your spell library was empty.

Dungeon Overview and Level Annotations

Branches:
Dungeon (2/15)

Altars:


Message History

You closely miss the bat. The bat hits you but does no damage.
You closely miss the bat. The bat hits you.
You miss the bat. The bat barely misses you.
You slash the bat!
You kill the bat!
You have reached level 3!
Your experience leads to an increase in your attributes!
Increase (S)trength, (I)ntelligence, or (D)exterity?
You feel stronger. x2
Sorry, you're not good enough to have a special ability.
HP restored.
Found a dagger.
No target in view!
A worm comes into view.
A worm is nearby!
A kobold and a gnoll come into view.
The kobold shouts!
The gnoll shouts!
A gnoll comes into view. It is wielding a +0 falchion.
The gnoll shouts!
You hit the kobold but do no damage. The kobold hits you but does no damage.
The kobold closely misses you.
You closely miss the kobold. The kobold hits you but does no damage.
The gnoll hits you from afar with a +0 halberd!
You closely miss the kobold. The gnoll barely misses you.
The kobold closely misses you.
You barely miss the worm. You barely miss the kobold.
The kobold closely misses you. The gnoll barely misses you.
You block the worm's attack.
The gnoll hits you from afar with a +0 halberd!
The gnoll hits you with a +0 falchion. The kobold barely misses you.
You are too injured to fight recklessly!
You are too injured to fight recklessly!
You are too injured to fight recklessly!
You are too injured to fight recklessly!
You are too injured to fight recklessly!
You closely miss the kobold. You hit the gnoll. You barely miss the worm.
A rat comes into view.
The kobold hits you with a +0 short sword.
The gnoll hits you from afar with a +0 halberd!
You die...

...........#
#...
...........#
........(.)#
...........#
#######.####
#..# . #.##
....####.#
.....gK@.#
......gw.#
#........#
#........#
r######.##
..# ###


You could see a worm, 2 gnolls, a kobold and a rat (wandering).

Vanquished Creatures
  A dart slug (D:1)
  3 goblins (D:1)
  A hobgoblin (D:1)
  2 quokkas (D:2)
  2 ball pythons (D:1)
  5 bats
  A frilled lizard (D:2)
  2 kobolds
  4 rats
21 creatures vanquished.

Vanquished Creatures (others)
  A fungus (D:1)
  4 plants (D:1)
5 creatures vanquished.

Grand Total: 26 creatures vanquished

Notes
Turn   | Place    | Note
-------+----------+-------------------------------------------
     0 | D:1      | Ast3rio the Hill Orc Fighter began the quest for the Orb.
     0 | D:1      | Reached XP level 1. HP: 19/19 MP: 1/1
   161 | D:1      | Reached XP level 2. HP: 25/27 MP: 2/2
   204 | D:1      | Found a faded altar of an unknown god.
   855 | D:2      | Reached skill level 4 in Fighting
   878 | D:2      | Reached XP level 3. HP: 31/33 MP: 3/3
   910 | D:2      | Slain by a gnoll

Illustrated notes

Levels and vault maps discovered:
D:1:      minmay_arrival_four_circles, layout_basic,
          dreamdust_ecumenical_altar_grove
D:2:      layout_basic, minmay_misc_feat_square

Skill      XL: |  1  2 |
---------------+-------+-----
Axes           | 3 |  3.2
Fighting       | 4 |  4.0
Armour         | |  3.6
Shields        | |  3.7

Action                   || total
-------------------------++-------
Melee: War axe           ||    61
Armor: Scale mail        ||    28
Dodge: Dodged            ||    37
Block: Buckler           ||    12
